 Dungeon Crawl Stone Soup version 0.30-a0-728-gc68057be0a (webtiles) character file.

Game seed: 17886682983087124204

3759 DavidChitty2 the Cleaver (level 9, -4/81 HPs)
             Began as a Minotaur Fighter on Jan 31, 2023.
             Was a Follower of Makhleb.
             Slain by a gnoll
             ... wielding a +0 halberd
              (7 damage)
             ... on level 8 of the Dungeon.
             The game lasted 00:09:02 (6951 turns).

DavidChitty2 the Cleaver (Minotaur Fighter)         Turns: 6951, Time: 00:09:02

Health: -4/81      AC: 15    Str: 25    XL:     9   Next: 94%
Magic:  11/11      EV: 10    Int: 11    God:    Makhleb [*.....]
Gold:   420        SH:  5    Dex: 10    Spells: 8/8 levels left

rFire   . . .      SeeInvis .    a - +2 hand axe (elec)
rCold   . . .      Faith    .    c - +0 buckler
rNeg    . . .      Spirit   .    g - +1 ring mail of Disguise {Int+6}
rPois   .          Reflect  .    (helmet restricted)
rElec   .          Harm     .    K - +0 cloak
rCorr   .          Rampage  .    l - +1 pair of gloves
Will    +....                    (no boots) Stlth
                                 (no amulet)
HPRegen 0.33/turn                q - +4 ring of protection
MPRegen 0.12/turn                D - ring of willpower

@: about to teleport
A: horns 2, retaliatory headbutt
a: Renounce Religion


You were on level 8 of the Dungeon.
You worshipped Makhleb.
Makhleb was aware of your devotion.
You visited 2 branches of the dungeon, and saw 9 of its levels.

You collected 420 gold pieces.

Inventory:

Hand Weapons
 a - a +2 hand axe of electrocution (weapon)
   (You found it on level 1 of the Dungeon)
 b - a +1 hand axe of flaming
   (You found it on level 2 of the Dungeon)
 m - a +0 war axe
Armour
 c - a +0 buckler (worn)
 g - the +1 ring mail of Disguise (worn) {Int+6}
   (You found it on level 2 of the Dungeon)

   Int:       It affects your intelligence (+6).
 l - a +1 pair of gloves (worn)
   (You found it on level 1 of the Dungeon)
 r - a +0 scale mail
 K - a +0 cloak (worn)
   (You found it on level 7 of the Dungeon)
Jewellery
 n - a ring of wizardry
   (You found it on level 1 of the Dungeon)
 q - a +4 ring of protection (left hand)
   (You found it on level 2 of the Dungeon)
 D - a ring of willpower (right hand)
   (You found it on level 4 of the Dungeon)
 I - a +6 ring of intelligence
   (You found it on level 7 of the Dungeon)
Wands
 t - a wand of flame (26)
   (You found it on level 5 of the Dungeon)
 u - a wand of paralysis (6)
   (You found it on level 6 of the Dungeon)
 v - a wand of digging (6)
   (You took it off a kobold on level 4 of the Dungeon)
 z - a wand of polymorph (9)
   (You found it on level 3 of the Dungeon)
 G - a wand of roots (9)
   (You took it off an orc on level 7 of the Dungeon)
Scrolls
 h - 2 scrolls of fear
 i - 2 scrolls of enchant armour
 k - 3 scrolls of enchant weapon
 y - 2 scrolls of fog
 B - 2 scrolls of teleportation {@r4}
 F - 7 scrolls of identify {@r1}
 J - a scroll of vulnerability {!r}
 L - a scroll of silence {unknown}
Potions
 d - a potion of might
 e - a potion of mutation {!q}
 f - 3 potions of magic {unknown}
 j - 3 potions of heal wounds {unknown}
 o - a potion of haste {unknown}
 p - a potion of attraction {unknown}
 s - a potion of cancellation {unknown}
 w - 3 potions of degeneration {unknown}
 x - 3 potions of resistance {unknown}
 A - a potion of berserk rage
 E - a potion of brilliance {unknown}


   Skills:
 + Level 8.1 Fighting
 * Level 10.4 Axes
 + Level 8.1 Armour
 + Level 8.1 Shields
 + Level 4.5 Invocations


You had 8 spell levels left.
You didn't know any spells.
Your spell library contained the following spells:

 Spells                   Type           Power      Damage    Failure   Level
 Kiss of Death            Conj/Necr      0%         2d5       54%         1
 Necrotise                Necr           0%         1d4       54%         1
 Summon Small Mammal      Summ           0%         N/A       54%         1
 Blink                    Tloc           0%         N/A       67%         2
 Ensorcelled Hibernation  Hex/Ice        0%         N/A       67%         2
 Lesser Beckoning         Tloc           0%         N/A       67%         2
 Momentum Strike          Conj/Tloc      0%         3d8       67%         2
 Passwall                 Tmut/Erth      0%         N/A       67%         2
 Call Canine Familiar     Summ           0%         N/A       88%         3
 Confusing Touch          Hex            0%         N/A       88%         3
 Summon Guardian Golem    Hex/Summ       0%         N/A       88%         3
 Swiftness                Air            0%         N/A       88%         3
 Vampiric Draining        Necr           0%         2d6       88%         3
 Vhi's Electric Charge    Tloc/Air       0%         N/A       88%         3
 Dispel Undead            Necr           0%         3d6       99%         4
 Agony                    Necr           0%         N/A       100%        5
 Arcjolt                  Conj/Air       0%         1d10      100%        5
 Summon Forest            Summ/Tloc      0%         N/A       100%        5
 Eringya's Noxious Bog    Tmut/Pois      0%         N/A       100%        6
 Summon Hydra             Summ           0%         N/A       100%        7
 Maxwell's Capacitive Co  Air            0%         ∞         100%        8


Dungeon Overview and Level Annotations

Branches:
Dungeon (8/15)             Temple (1/1) D:5
   Lair: D:8-11

Altars:
Ashenzari
Cheibriados
Dithmenos
Elyvilon
Fedhas
Gozag
Hepliaklqana
Kikubaaqudgha
Makhleb
Nemelex Xobeh
Okawaru
Qazlal
Ru
Sif Muna
Trog
Uskayaw
Vehumet
Wu Jian
Xom
Yredelemnul
Zin
The Shining One

Shops:
D:3 =   D:6 [   D:7 ?

Annotations:
D:3 2 transporters, XanderDroid's ghost, amateur GnWn


Innate Abilities, Weirdness & Mutations

You have a pair of horns on your head.
You reflexively headbutt those who attack you in melee.


Message History

You block the tengu warrior's attack.
You slash the tengu warrior!
Lightning courses through the tengu warrior!
You block the gnoll's attack.
You barely miss the tengu warrior.
The tengu warrior hits you but does no damage.
The tengu warrior barely misses you.
The tengu warrior claws you but does no damage.
The gnoll hits you from afar with a +0 halberd!
* * * LOW HITPOINT WARNING * * *
You feel better.
The tengu warrior hits you but does no damage.
The tengu warrior barely misses you. The tengu warrior misses you.
You block the gnoll's attack.
You closely miss the tengu warrior. Your headbutt misses the tengu warrior.
The tengu warrior hits you but does no damage.
The tengu warrior barely misses you. x2
Unknown command.
The tengu warrior blocks your attack.
The gnoll hits you from afar with a +0 halberd.
* * * LOW HITPOINT WARNING * * *
The tengu warrior hits you with a +0 long sword.
* * * LOW HITPOINT WARNING * * *
The tengu warrior closely misses you.
The tengu warrior claws you but does no damage.
Unknown command.
As you read the scroll of teleportation {@r4}, it crumbles to dust.
You feel strangely unstable. The gnoll closely misses you.
The tengu warrior hits you with a +0 long sword.
* * * LOW HITPOINT WARNING * * *
The tengu warrior barely misses you. The tengu warrior claws you.
* * * LOW HITPOINT WARNING * * *
You feel better. The gnoll closely misses you.
You block the tengu warrior's attack.
The tengu warrior completely misses you.
The tengu warrior closely misses you.
You hit the tengu warrior. The gnoll barely misses you.
The tengu warrior hits you but does no damage.
The tengu warrior pecks you but does no damage.
The tengu warrior closely misses you. The tengu warrior blocks your attack.
The gnoll hits you from afar with a +0 halberd!
* * * LOW HITPOINT WARNING * * *
You barely miss the tengu warrior.
The tengu warrior hits you with a +0 long sword.
* * * LOW HITPOINT WARNING * * *
The tengu warrior pecks you but does no damage.
The tengu warrior barely misses you.
The gnoll hits you from afar with a +0 halberd!
You die...

###.............######........#
............##☼§######........#
...........<##°§...........####
.#..........##○○##########.#
............###°# #.#
..#.........#.§☼# #.#
###.........#.#§## #.# #
#.........#.#☼§#### #.#
#.........# ##@§§§# #.# #Q##☼#
#<#


#gg # #.# #§§§ #g§○§ #☼°§○§ #☼§§§#§ §°☼§§#§# You could see a tengu warrior and 3
gnolls.

Vanquished Creatures
  Pikel (D:5)
  Grinder (D:3)
  Sigmund (D:6)
  Eustachio (D:6)
  4 yaks (D:8)
  Menkaure (D:7)
  Duvessa (D:7)
  3 water moccasins
  3 ogres
  A sky beast (D:7)
  4 lemures (D:5)
  3 centaurs
  A phantom (D:5)
  A bullfrog (D:5)
  A necrophage (D:7)
  6 scorpions
  Dowan (D:7)
  2 howler monkeys
  4 hounds
  A jelly (D:7)
  4 iguanas
  2 gnolls
  3 adders
  A shadow imp (D:7)
  2 white imps
  An ufetubus (D:5)
  2 worms
  3 dart slugs
  14 orcs
  9 endoplasms
  6 giant cockroaches
  4 goblins
  6 hobgoblins
  6 jackals
  5 quokkas
  6 ball pythons
  6 bats
  2 frilled lizards
  10 kobolds
  6 rats
139 creatures vanquished.

Vanquished Creatures (collateral kills)
  A white imp (D:7)
1 creature vanquished.

Grand Total: 140 creatures vanquished

Notes
Turn   | Place    | Note
-------+----------+-------------------------------------------
     0 | D:1      | DavidChitty2 the Minotaur Fighter began the quest for the
                  | Orb.
     0 | D:1      | Reached XP level 1. HP: 19/19 MP: 0/0
     1 | D:1      | You fall into a shaft and drop 1 floor!
     1 | D:2      | Found a faded altar of an unknown god.
    43 | D:2      | Identified the +1 ring mail of Disguise {Int+6}
    61 | D:1      | Reached XP level 2. HP: 25/27 MP: 1/1
    97 | D:1      | Reached skill level 3 in Axes
   198 | D:1      | Reached XP level 3. HP: 24/33 MP: 2/2
  1207 | D:2      | Reached XP level 4. HP: 36/40 MP: 3/3
  1471 | D:3      | Found Veenin's Jewellery Shoppe.
  1510 | D:3      | Found a transporter.
  1512 | D:3      | Found a transporter.
  1512 | D:3      | Noticed XanderDroid's ghost (amateur GnWn)
  1514 | D:3      | Identified the +0 great mace "Arcanum" {vamp, rN+ Will+}
  1514 | D:3      | Noticed an ogre
  1661 | D:3      | Reached skill level 4 in Axes
  1836 | D:3      | Noticed Grinder
  1881 | D:3      | Found a glowing silver altar of Zin.
  2299 | D:3      | Found a glowing silver altar of Zin.
  2359 | D:3      | Found a transporter.
  2470 | D:3      | Found a transporter.
  2534 | D:3      | Paralysed by Grinder for 4 turns
  2539 | D:3      | Killed Grinder
  2540 | D:3      | Reached skill level 5 in Fighting
  2540 | D:3      | Reached skill level 5 in Axes
  2540 | D:3      | Reached skill level 5 in Shields
  2540 | D:3      | Reached XP level 5. HP: 34/48 MP: 4/4
  2540 | D:3      | Reached XP level 6. HP: 40/56 MP: 5/5
  2675 | D:4      | Reached skill level 5 in Armour
  2845 | D:4      | Reached skill level 6 in Axes
  2845 | D:4      | Reached XP level 7. HP: 46/61 MP: 6/6
  3260 | D:5      | Entered Level 5 of the Dungeon
  3352 | D:5      | Found a staircase to the Ecumenical Temple.
  3361 | Temple   | Entered the Ecumenical Temple
  3541 | Temple   | Became a worshipper of Makhleb the Destroyer
  3693 | D:5      | Reached skill level 7 in Axes
  4042 | D:5      | Found an opulent altar of Gozag.
  4127 | D:5      | Reached skill level 1 in Invocations
  4130 | D:5      | Reached XP level 8. HP: 67/70 MP: 7/7
  4264 | D:5      | Noticed Pikel
  4285 | D:5      | Killed Pikel
  4286 | D:5      | Reached skill level 8 in Axes
  4481 | D:5      | Found a bloodstained altar of Trog.
  5094 | D:6      | Noticed Sigmund
  5100 | D:6      | Killed Sigmund
  5123 | D:6      | Found Egeeptall's Armour Shop.
  5124 | D:6      | Noticed Eustachio
  5142 | D:6      | Killed Eustachio
  5143 | D:6      | Reached XP level 9. HP: 77/79 MP: 10/10
  5320 | D:7      | Found Wigg's Magic Scroll Shop.
  5321 | D:7      | Noticed Duvessa
  5321 | D:7      | Noticed Dowan
  5330 | D:7      | Killed Dowan
  5335 | D:7      | Killed Duvessa
  5336 | D:7      | Reached skill level 9 in Axes
  5524 | D:7      | Noticed Menkaure
  5538 | D:7      | Killed Menkaure
  5948 | D:7      | Found an iron altar of Okawaru.
  5955 | D:7      | Reached * piety under Makhleb
  6001 | D:7      | Found a sacrificial altar of Ru.
  6649 | D:8      | Reached skill level 10 in Axes
  6928 | D:8      | Noticed a tengu warrior
  6951 | D:8      | HP: 3/81 [tengu warrior/+0 long sword (4)]
  6951 | D:8      | Slain by a gnoll

Illustrated notes

Levels and vault maps discovered:
D:1:      roderic_crop_circles_arrival_small, layout_basic
D:2:      layout_rooms, chequers_ecumenical_altar_twisty,
          minmay_misc_feat_diagonals, minmay_fractal_squares_gapless_5
D:3:      layout_basic, lemuel_tele_altar, gammafunk_ghost_smash, serial_shops,
          shop, kennysheep_cluttered_room, minivault_27, uniq_grinder
D:4:      layout_basic, kennysheep_big_empty_room
D:5:      layout_loops_cross, nicolae_gozag_cash_rules_everything_around_me,
          trog_butcher_becter, minmay_temple_entry_wispy, uniq_pikel
D:6:      layout_basic, serial_shops, shop_statue, nicolae_eternal_life,
          uniq_sigmund, uniq_eustachio
D:7:      layout_loops_ring, nicolae_ru_path_of_blood,
          okawaru_altar_gauntlet_db, serial_shops,
          nicolae_shop_advertising_works [nicolae_subvault_shop_adworks],
          minmay_joined_circles, uniq_duvessa, uniq_menkaure
D:8:      layout_rooms, uniq_maggie
Temple:   nicolae_temple_bog_church

Skill      XL: |  1  2  3  4  5  6  7  8  9 |
---------------+----------------------------+-----
Axes           | 3 5 6 7 8 10 | 10.4
Armour         | 4 5 6 7 8 |  8.1
Shields        | 4 5 6 7 8 |  8.1
Fighting       | 4 5 6 7 8 |  8.1
Invocations    | 1 3 4 |  4.5

Action                     |  1- 3 |  4- 6 |  7- 9 || total
---------------------------+-------+-------+-------++-------
  Melee: War axe           |    44 |       |       ||    44
         Headbutt          |    12 |    14 |    33 ||    59
         Hand axe          |    47 |    71 |   256 ||   374
    Use: Scroll            |       |       |    16 ||    16
         Potion            |       |       |     2 ||     2
 Armour: Scale mail        |    22 |       |       ||    22
         Ring mail         |    21 |    22 |   123 ||   166
  Dodge: Dodged            |    45 |    27 |    99 ||   171
  Block: Buckler           |    22 |     9 |    61 ||    92

Table legend: (Time is in decaauts)
 A = Elapsed time spent in this place.
 B = Non-inter-level travel time spent in this place.
 C = Inter-level travel time spent in this place.
 D = Time resting spent in this place.
 E = Time spent auto-exploring this place.
 F = Levels seen in this place.
 G = Mean time per level.
                   A        B        C        D        E       F      G
               +--------+--------+--------+--------+--------+-----+--------+
         Total |   6968 |   6748 |    220 |    591 |   5026 |   9 |  774.2 |
       Dungeon |   6749 |   6554 |    195 |    591 |   4855 |   8 |  843.6 |
        Temple |    219 |    194 |     25 |      0 |    170 |   1 |  219.0 |
               +--------+--------+--------+--------+--------+-----+--------+

Top non-repeatable levels by time:
     D:3: 1211 daAuts
     D:7: 1203 daAuts
     D:5: 1168 daAuts
     D:2: 715 daAuts
     D:1: 700 daAuts
     D:4: 679 daAuts
     D:6: 660 daAuts
     D:8: 410 daAuts
  Temple: 219 daAuts
